 Dungeon Sprint DCSS version 0.17-a0-1718-g72dbe4d (webtiles) character file.

42052 Kidiri the Unseen (level 13, -10/60 HPs)
             Began as a Spriggan Enchanter on Aug 25, 2015.
             Was the Champion of Dithmenos.
             Mangled by Xtahua (35 damage)
             ... in the Dungeon (Sprint III: "The Ten Rune Challenge").
             The game lasted 00:18:43 (3420 turns).

Kidiri the Unseen (Spriggan Enchanter)              Turns: 3420, Time: 00:18:45

Health: -10/60     AC:  4    Str:  8    XL:     13   Next: 13%
Magic:  31/34      EV: 35    Int: 19    God:    Dithmenos [******]
Gold:   43         SH:  0    Dex: 19    Spells: 7 memorised, 23 levels left

rFire  . . .     SeeInvis +     a - +1 dagger
rCold  . . .     Rnd*Rage +     c - +1 robe {MR+}
rNeg   . . .     SustAt   .     (shield restricted)
rPois  .         Gourm    .     (helmet restricted)
rElec  .         Spirit   .     l - +0 cloak
rCorr  .         Warding  .     (gloves unavailable)
rMut   .         NoTele   +     (boots unavailable)
MR     +++..                    (no amulet)
Stlth  ++++++++++               (no ring)
                                (no ring)

@: wreathed by umbra, very quick, extremely resistant to hostile enchantments,
uncannily stealthy
A: unfitting armour, hooves 1, see invisible, berserk 1, herbivore 3, speed 3,
robust 1, slow metabolism 2, strong 2
a: Shadow Step, Shadow Form, Renounce Religion
}: 1/10 runes: serpentine


You were in the Dungeon.
You worshipped Dithmenos.
Dithmenos was exalted by your worship.
You were full.

You visited 1 branch You collected 43 gold pieces.

Inventory:

Hand weapons
 a - a +1 dagger (weapon)
Missiles
 b - 9 throwing nets (quivered)
Armour
 c - a +1 robe of magic resistance (worn)
 l - a +0 cloak (worn)
 o - a fire dragon hide
Scrolls
 n - a scroll of immolation {unknown}
 p - 2 scrolls of remove curse
 s - a scroll of holy word {unknown}
Potions
 e - 2 potions of curing
 f - a potion of heal wounds
 g - a potion of haste
 h - 2 potions of magic
 i - a potion of berserk rage
 k - a potion of lignification
 q - a potion of might
 r - 4 potions of flight
 u - a potion of cure mutation
Comestibles
 m - 6 fruits
 t - 28 royal jellies


   Skills:
 + Level 11.3 Short Blades
 * Level 19.2 Dodging
 * Level 20.8 Stealth
 * Level 16.9 Spellcasting
 + Level 7.4 Conjurations
 + Level 12.5 Hexes
 + Level 11.8 Transmutations
 + Level 8.4 Ice Magic
 + Level 9.2 Poison Magic
 + Level 9.3 Invocations


You had 23 spell levels left.
You knew the following spells:

 Your Spells              Type           Power        Failure   Level  Hunger
a - Corona                Hex            ######.      1%          1    None
b - Ensorcelled Hibernat  Hex/Ice        ######       1%          2    None
c - Confuse               Hex            ######..     1%          3    None
d - Tukima's Dance        Hex            ######..     1%          3    None
e - Dazzling Spray        Conj/Hex       ######..     1%          3    None
f - Alistair's Intoxicat  Trmt/Pois      ######..     1%          4    None
g - Invisibility          Hex            ######..     3%          6    #####..


Dungeon Overview and Level Annotations

Branches:
Dungeon (1/1)

Altars:
Cheibriados
Dithmenos
Elyvilon
Fedhas
Gozag
Kikubaaqudgha
Makhleb
Nemelex Xobeh
Okawaru
Qazlal
Ru
Sif Muna
Trog
Vehumet
Xom
Yredelemnul
Zin
The Shining One
Jiyva
Lugonu

Shops:
D }[?![=

Annotations:
D Xtahua


Innate Abilities, Weirdness & Mutations

You are tiny and cannot use many weapons and most armour.
You have supernaturally acute eyesight.
You are a herbivore.
You cover ground extremely quickly.
You need consume almost no food.
You have large cloven feet.
You tend to lose your temper in combat.
You are robust (+10% HP).
Your muscles are very strong. (Str +4)


Message History

You start resting.
Magic restored.
You start resting.
Xtahua bursts through the door, destroying it!
Xtahua roars!
Xtahua breathes flames at you. The searing blast misses you.
The searing blast hits the plant.
The plant is destroyed!
Unknown command.
Casting: Dazzling Spray
Confirm with . or Enter, or press ? or * to list all spells.
Aiming: Dazzling Spray
Press: ? - help, Shift-Dir - straight line, f - Xtahua
Aim: Xtahua (catching his breath, umbra)
The spray of energy hits Xtahua.
Xtahua is lightly wounded.
The spray of energy hits the plant.
The plant is lightly damaged.
Xtahua bites you!!
Ouch! That really hurt!
You die...

#≈≈≈§§§≈≈≈♣♣♣♣♣♣♣#..♣♣
#≈≈≈≈≈≈≈≈.♣
###+♣♣♣♣♣♣♣♣
#+####+#######♣
♣♣♣♣.##..##≈≈
..........)....♣♣
♣...##.##.#≈≈
#+#############'♣
♣♣.##.##.##+≈
#≈P..........♣
♣..#.##...#≈
..+≈≈...########♣♣
♣♣.##.##.)#≈
.J#≈≈≈.........§P♣
♣♣.##.#####.
J.#≈≈≈≈P..PP..@.P♣
♣.....##.... #
###########D####
########+### #≈♣♣
#.... #♣.♣ #.... ♣.♣♣
##### ##### ♣♣.♣ .≈.φ#
##.%% ♣.♣♣ ..D.# #....
♣.♣♣ D..≈# #..##
♣..♣♣#...# #....


You could see Xtahua.

Vanquished Creatures
  Rupert (D)
  A greater naga (D)
  Maud (D)
  4 fire dragons (D)
  2 hydras (D)
  Erolcha (D)
  A naga warrior (D)
  6 anacondas (D)
  4 death yaks (D)
  A death drake (D)
  A spriggan druid (D)
  A lindwurm (D)
  A guardian serpent (D)
  8 black mambas (D)
  2 spiny frogs (D)
  A komodo dragon (D)
  A fire drake (D)
  A deep elf priest (D)
  3 wandering mushrooms (D)
  A queen bee (D)
  8 blink frogs (D)
  2 trapdoor spiders (D)
  2 spriggans (D)
  A shadow (D)
  4 redbacks (D)
  A spatial vortex (D)
  2 nagas (D)
  2 hill giants (D)
  A water moccasin (D)
  A swamp drake (D)
  A necrophage (D)
  3 two-headed ogres (D)
  2 brain worms (D)
  A water elemental (D)
  32 killer bees (D)
  Crazy Yiuf (D)
  A jelly (D)
  Jessica (D)
  A wizard (D)
  A necromancer (D)
  A kobold demonologist (D)
  3 humans (D)
  2 adders (D)
  An ooze (D)
  A rat (D)
118 creatures vanquished.

Vanquished Creatures (others)
  2 draconian scorchers (D)
  Nessos (D)
  A hydra (D)
  3 yaktaurs (D)
  2 fire drakes (D)
  An electric eel (D)
  6 plants (D)
16 creatures vanquished.

Grand Total: 134 creatures vanquished

Notes
Turn   | Place    | Note
--------------------------------------------------------------
     0 | D        | Kidiri the Spriggan Enchanter began the quest for the Orb.
     0 | D        | Reached XP level 1. HP: 9/9 MP: 5/5
    13 | D        | Reached skill level 5 in Stealth
    27 | D        | Noticed Jessica
    31 | D        | Killed Jessica
    31 | D        | Reached skill level 5 in Dodging
    31 | D        | Reached skill level 6 in Stealth
    31 | D        | Reached XP level 2. HP: 13/13 MP: 6/8
    31 | D        | Reached XP level 3. HP: 16/16 MP: 6/9
    47 | D        | Learned a level 2 spell: Ensorcelled Hibernation
    51 | D        | Learned a level 3 spell: Confuse
    55 | D        | Learned a level 3 spell: Tukima's Dance
    65 | D        | Noticed Crazy Yiuf
    74 | D        | Killed Crazy Yiuf
    74 | D        | Reached skill level 7 in Stealth
    74 | D        | Reached skill level 5 in Spellcasting
    80 | D        | Reached skill level 5 in Hexes
    80 | D        | Reached skill level 1 in Ice Magic
    80 | D        | Reached XP level 4. HP: 21/21 MP: 6/12
   109 | D        | Killed a fire drake
   113 | D        | Learned a level 3 spell: Dazzling Spray
   119 | D        | Gained mutation: Your muscles are strong. (Str +2) [potion of mutation]
   119 | D        | Gained mutation: You are robust (+10% HP). [potion of mutation]
   120 | D        | Gained mutation: You tend to lose your temper in combat. [potion of mutation]
   120 | D        | Gained mutation: You have large cloven feet. [potion of mutation]
   120 | D        | Gained mutation: Your muscles are very strong. (Str +4) [potion of mutation]
   128 | D        | Noticed a water elemental
   131 | D        | Killed a water elemental
   131 | D        | Reached skill level 8 in Stealth
   131 | D        | Reached XP level 5. HP: 23/26 MP: 12/14
   165 | D        | Noticed a jelly
   166 | D        | Noticed a shadow
   168 | D        | Killed a shadow
   168 | D        | Reached skill level 9 in Dodging
   168 | D        | Reached skill level 10 in Stealth
   168 | D        | Reached XP level 6. HP: 30/30 MP: 14/17
   171 | D        | Killed a jelly
   178 | D        | Found a stormy altar of Qazlal.
   179 | D        | Found a sacrificial altar of Ru.
   179 | D        | Found a burning altar of Makhleb.
   179 | D        | Found a viscous altar of Jiyva.
   179 | D        | Found a shimmering altar of Xom.
   179 | D        | Found a shadowy altar of Dithmenos.
   179 | D        | Found a sparkling altar of Nemelex Xobeh.
   179 | D        | Found a corrupted altar of Lugonu.
   179 | D        | Found an opulent altar of Gozag.
   179 | D        | Noticed a spatial vortex
   181 | D        | Killed a spatial vortex
   181 | D        | Reached skill level 5 in Short Blades
   181 | D        | Reached skill level 11 in Stealth
   184 | D        | Became a worshipper of Dithmenos the Shadowed
   191 | D        | Killed a white draconian scorcher
   220 | D        | Found a radiant altar of Vehumet.
   221 | D        | Found a deep blue altar of Sif Muna.
   221 | D        | Found an ancient bone altar of Kikubaaqudgha.
   221 | D        | Noticed a wizard
   222 | D        | Killed a wizard
   222 | D        | Reached skill level 10 in Dodging
   231 | D        | Killed a white draconian scorcher
   235 | D        | Learned a level 4 spell: Alistair's Intoxication
   242 | D        | Learned a level 6 spell: Invisibility
   252 | D        | Found a glowing silver altar of Zin.
   253 | D        | Found a glowing golden altar of the Shining One.
   253 | D        | Found a white marble altar of Elyvilon.
   253 | D        | Noticed a deep elf priest
   255 | D        | Killed a deep elf priest
   255 | D        | Reached skill level 1 in Poison Magic
   255 | D        | Reached skill level 1 in Invocations
   255 | D        | Reached XP level 7. HP: 35/35 MP: 18/20
   266 | D        | Found an iron altar of Okawaru.
   267 | D        | Found a bloodstained altar of Trog.
   267 | D        | Noticed a human
   267 | D        | Noticed a human
   287 | D        | Killed a human
   287 | D        | Reached skill level 12 in Stealth
   295 | D        | Killed a fire drake
   298 | D        | Killed a human
   327 | D        | Killed a yaktaur
   440 | D        | Found a snail-covered altar of Cheibriados.
   440 | D        | Noticed a necrophage
   441 | D        | Found a basalt altar of Yredelemnul.
   441 | D        | Found a blossoming altar of Fedhas.
   441 | D        | Noticed a necromancer
   442 | D        | Killed a necrophage
   442 | D        | Acquired Dithmenos's first power
   442 | D        | Reached XP level 8. HP: 39/39 MP: 22/22
   443 | D        | Killed a necromancer
   474 | D        | Noticed a two-headed ogre
   474 | D        | Noticed a two-headed ogre
   479 | D        | Killed a two-headed ogre
   494 | D        | Noticed a two-headed ogre
   494 | D        | Killed a two-headed ogre
   494 | D        | Reached skill level 10 in Spellcasting
   496 | D        | Killed a two-headed ogre
   615 | D        | Noticed a hill giant
   618 | D        | Killed a hill giant
   618 | D        | Acquired Dithmenos's second power
   618 | D        | Reached skill level 13 in Stealth
   624 | D        | Noticed a hill giant
   624 | D        | Noticed Erolcha
   654 | D        | Killed a yaktaur
   820 | D        | Killed a hill giant
   823 | D        | Killed Erolcha
   823 | D        | Reached XP level 9. HP: 42/42 MP: 21/25
   849 | D        | Noticed a redback
   851 | D        | Noticed a trapdoor spider
   868 | D        | Killed a trapdoor spider
   868 | D        | Reached skill level 14 in Stealth
   868 | D        | Reached skill level 5 in Transmutations
   870 | D        | Killed a redback
   870 | D        | Acquired Dithmenos's third power
   931 | D        | Noticed a trapdoor spider
   932 | D        | Killed a trapdoor spider
  1007 | D        | Noticed a killer bee
  1007 | D        | Noticed a killer bee
  1007 | D        | Noticed a killer bee
  1007 | D        | Noticed a killer bee
  1007 | D        | Noticed a killer bee
  1007 | D        | Noticed a killer bee
  1007 | D        | Noticed a killer bee
  1007 | D        | Noticed a killer bee
  1007 | D        | Noticed a killer bee
  1007 | D        | Noticed a killer bee
  1007 | D        | Noticed a killer bee
  1007 | D        | Noticed a killer bee
  1007 | D        | Noticed a killer bee
  1007 | D        | Noticed a killer bee
  1007 | D        | Noticed a killer bee
  1009 | D        | Noticed a killer bee
  1009 | D        | Noticed a killer bee
  1009 | D        | Noticed a killer bee
  1009 | D        | Killed a killer bee
  1010 | D        | Noticed a killer bee
  1011 | D        | Noticed a killer bee
  1011 | D        | Noticed a killer bee
  1011 | D        | Killed a killer bee
  1012 | D        | Noticed a killer bee
  1013 | D        | Noticed a queen bee
  1013 | D        | Killed a killer bee
  1014 | D        | Noticed a killer bee
  1015 | D        | Noticed a killer bee
  1015 | D        | Killed a killer bee
  1016 | D        | Noticed a killer bee
  1017 | D        | Noticed a killer bee
  1018 | D        | Noticed a killer bee
  1018 | D        | Noticed a killer bee
  1018 | D        | Killed a killer bee
  1018 | D        | Acquired Dithmenos's fourth power
  1020 | D        | Noticed a killer bee
  1020 | D        | Noticed a killer bee
  1020 | D        | Noticed a killer bee
  1020 | D        | Killed a killer bee
  1020 | D        | Reached skill level 5 in Ice Magic
  1024 | D        | Killed a killer bee
  1163 | D        | Killed a killer bee
  1164 | D        | Killed a killer bee
  1166 | D        | Killed a killer bee
  1172 | D        | Killed a killer bee
  1172 | D        | Reached skill level 5 in Invocations
  1178 | D        | Killed a killer bee
  1180 | D        | Killed a killer bee
  1182 | D        | Killed a killer bee
  1184 | D        | Killed a killer bee
  1186 | D        | Killed a killer bee
  1330 | D        | Killed a killer bee
  1337 | D        | Killed a killer bee
  1339 | D        | Killed a killer bee
  1341 | D        | Killed a killer bee
  1350 | D        | Killed a killer bee
  1350 | D        | Reached skill level 15 in Stealth
  1352 | D        | Killed a killer bee
  1355 | D        | Killed a killer bee
  1360 | D        | Noticed a killer bee
  1361 | D        | Killed a killer bee
  1363 | D        | Killed a killer bee
  1364 | D        | Killed a killer bee
  1366 | D        | Killed a killer bee
  1369 | D        | Killed a killer bee
  1378 | D        | Killed a killer bee
  1378 | D        | Reached XP level 10. HP: 48/48 MP: 1/27
  1394 | D        | Killed a killer bee
  1525 | D        | Killed a queen bee
  1527 | D        | Killed a killer bee
  1527 | D        | Reached skill level 5 in Poison Magic
  1529 | D        | Killed a killer bee
  1615 | D        | Noticed a wandering mushroom
  1616 | D        | Noticed a wandering mushroom
  1616 | D        | Noticed a wandering mushroom
  1618 | D        | Killed a wandering mushroom
  1620 | D        | Killed a wandering mushroom
  1623 | D        | Killed a wandering mushroom
  1793 | D        | Noticed a spiny frog
  1793 | D        | Noticed a komodo dragon
  1793 | D        | Noticed a spiny frog
  1796 | D        | Killed a spiny frog
  1797 | D        | Killed a komodo dragon
  1798 | D        | Killed a spiny frog
  1798 | D        | Reached skill level 16 in Stealth
  1856 | D        | Noticed a redback
  1858 | D        | Killed a redback
  1859 | D        | Noticed a brain worm
  1863 | D        | Killed a brain worm
  1866 | D        | Noticed a brain worm
  1868 | D        | Killed a brain worm
  1874 | D        | Noticed a lindwurm
  1876 | D        | Noticed a redback
  1877 | D        | Killed a lindwurm
  1877 | D        | Reached skill level 5 in Conjurations
  1879 | D        | Killed a redback
  1884 | D        | Noticed a redback
  1885 | D        | Killed a redback
  1885 | D        | Reached skill level 15 in Dodging
  1886 | D        | Noticed Maud
  1889 | D        | Killed Maud
  1889 | D        | Reached skill level 10 in Hexes
  1889 | D        | Reached XP level 11. HP: 51/51 MP: 29/29
  1892 | D        | Noticed an electric eel
  1893 | D        | Noticed a four-headed hydra
  1893 | D        | Noticed a seven-headed hydra
  1906 | D        | Killed an electric eel
  1927 | D        | Killed a four-headed hydra
  1933 | D        | Killed a seven-headed hydra
  1933 | D        | Reached skill level 17 in Stealth
  1939 | D        | Noticed a death drake
  1942 | D        | Killed a death drake
  1953 | D        | Found a blossoming altar of Fedhas.
  1953 | D        | Noticed a spriggan
  1953 | D        | Noticed a spriggan druid
  1953 | D        | Noticed a spriggan
  1955 | D        | Killed a spriggan druid
  1956 | D        | Killed a spriggan
  1957 | D        | Killed a spriggan
  1980 | D        | Noticed a black mamba
  1980 | D        | Noticed an anaconda
  1981 | D        | Noticed a black mamba
  1981 | D        | Noticed a water moccasin
  1982 | D        | Killed an anaconda
  1983 | D        | Killed a black mamba
  1989 | D        | Killed a black mamba
  1994 | D        | Killed a water moccasin
  2047 | D        | Noticed an anaconda
  2047 | D        | Noticed a black mamba
  2047 | D        | Noticed an anaconda
  2047 | D        | Noticed an anaconda
  2048 | D        | Killed an anaconda
  2048 | D        | Reached skill level 18 in Stealth
  2049 | D        | Noticed a black mamba
  2049 | D        | Noticed a black mamba
  2050 | D        | Killed an anaconda
  2052 | D        | Killed an anaconda
  2053 | D        | Killed a black mamba
  2055 | D        | Killed a black mamba
  2062 | D        | Killed a black mamba
  2090 | D        | Noticed an anaconda
  2090 | D        | Noticed a black mamba
  2092 | D        | Killed a black mamba
  2092 | D        | Reached skill level 10 in Short Blades
  2093 | D        | Noticed an anaconda
  2096 | D        | Killed an anaconda
  2096 | D        | Reached skill level 15 in Spellcasting
  2098 | D        | Killed an anaconda
  2098 | D        | Reached skill level 10 in Transmutations
  2098 | D        | Reached XP level 12. HP: 56/56 MP: 22/32
  2145 | D        | Noticed a naga
  2145 | D        | Noticed a naga
  2146 | D        | Noticed a naga warrior
  2146 | D        | Noticed a greater naga
  2146 | D        | Found Igebamah's Distillery.
  2146 | D        | Found Muusk's Antique Armour Shoppe.
  2147 | D        | Killed a naga
  2148 | D        | Killed a naga
  2149 | D        | Found Bepus's Jewellery Boutique.
  2150 | D        | Killed a naga warrior
  2150 | D        | Reached skill level 19 in Stealth
  2151 | D        | Killed a greater naga
  2169 | D        | Noticed a guardian serpent
  2172 | D        | Killed a guardian serpent
  2176 | D        | Got a serpentine rune of Zot
  2259 | D        | Noticed a swamp drake
  2259 | D        | Noticed a fire drake
  2260 | D        | Killed a fire drake
  2262 | D        | Killed a swamp drake
  2268 | D        | Noticed a blink frog
  2268 | D        | Noticed a blink frog
  2268 | D        | Noticed a blink frog
  2269 | D        | Noticed a blink frog
  2269 | D        | Noticed a blink frog
  2270 | D        | Killed a blink frog
  2279 | D        | Killed a blink frog
  2291 | D        | Killed a blink frog
  2429 | D        | Killed a blink frog
  2433 | D        | Killed a blink frog
  2447 | D        | Noticed Rupert
  2462 | D        | Killed Rupert
  2533 | D        | Noticed a death yak
  2534 | D        | Noticed a death yak
  2534 | D        | Noticed a blink frog
  2535 | D        | Noticed an azure jelly
  2535 | D        | Noticed a death yak
  2535 | D        | Noticed an azure jelly
  2535 | D        | Noticed a blink frog
  2535 | D        | Noticed a death yak
  2536 | D        | Killed a death yak
  2537 | D        | Killed a blink frog
  2537 | D        | Reached skill level 20 in Stealth
  2538 | D        | Killed a death yak
  2540 | D        | Killed a blink frog
  2541 | D        | Noticed a blink frog
  2541 | D        | Noticed a black mamba
  2542 | D        | Killed a death yak
  2543 | D        | Noticed a black mamba
  2544 | D        | Killed a blink frog
  2545 | D        | Killed a death yak
  2547 | D        | Killed a black mamba
  2548 | D        | Killed a black mamba
  2590 | D        | Noticed a fire dragon
  2596 | D        | Killed a fire dragon
  2649 | D        | Found Ewuyjist's Gadget Shoppe.
  2649 | D        | Found Zyer's Antique Armour Boutique.
  2649 | D        | Found Raymual's Magic Scroll Emporium.
  2649 | D        | Noticed a fire dragon
  2919 | D        | Killed a yaktaur
  3042 | D        | Noticed a fire dragon
  3055 | D        | Killed a fire dragon
  3055 | D        | Reached XP level 13. HP: 60/60 MP: 16/34
  3118 | D        | Killed a fire dragon
  3171 | D        | Killed Nessos
  3298 | D        | Noticed a fire dragon
  3302 | D        | Killed a fire dragon
  3348 | D        | Noticed a four-headed hydra
  3348 | D        | Noticed Xtahua
  3356 | D        | Killed a four-headed hydra
  3420 | D        | Mangled by Xtahua

Vault maps used:
D:        dungeon_sprint_mu

Action                   |  1- 3 |  4- 6 |  7- 9 | 10-12 | 13-15 || total
-------------------------+-------+-------+-------+-------+-------++-------
Melee: Dagger            |     7 |     7 |    82 |    77 |     3 ||   176
 Cast: Ensorcelled Hiber |     2 |     1 |    62 |    25 |     8 ||    98
       Confuse           |       |       |     7 |     3 |       ||    10
       Dazzling Spray    |       |       |    11 |    12 |     4 ||    27
Invok: Shadow Step       |       |       |       |    13 |       ||    13
  Use: Scroll            |       |     4 |       |       |     1 ||     5
       Potion            |       |     2 |       |       |       ||     2
 Stab: Sleeping          |     4 |     7 |    31 |    57 |     3 ||   102
       Confused          |       |       |     1 |     1 |       ||     2
       Invisible         |       |       |     3 |     1 |       ||     4
  Eat: Bread ration      |       |       |       |       |     1 ||     1
